 Dungeon Crawl Stone Soup version 0.26-b1-32-g5d43845318 (webtiles) character file.

Game seed: 12618093591564681809

55 Arthanis the Firebug (level 3, -3/19 HPs)
             Began as a Deep Elf Fire Elementalist on Jan 11, 2021.
             Slain by a gnoll
             ... wielding a +0 spear
              (5 damage)
             ... on level 2 of the Dungeon.
             The game lasted 00:01:34 (1360 turns).

Arthanis the Firebug (Deep Elf Fire Elementalist)   Turns: 1360, Time: 00:01:35

Health: -3/19      AC:  2    Str:  5    XL:     3   Next: 67%
Magic:  1/10       EV: 13    Int: 20    God:
Gold:   98         SH:  0    Dex: 15    Spells: 5/9 levels left

rFire    . . .     SeeInvis .   b - +0 dagger
rCold    . . .     Faith    .   (no shield)
rNeg     . . .     Spirit   .   a - +0 robe
rPois    .         Reflect  .   (no helmet)
rElec    .         Harm     .   (no cloak)
rCorr    .         Rampage  .   (no gloves)
Will     .....                  (no boots)
Stlth    ++........             (no amulet)
HPRegen  0.06/turn              (no ring)
MPRegen  0.12/turn              (no ring)

@: no status effects
A: no striking features
a: no special abilities


You were on level 2 of the Dungeon.
You visited 1 branch of the dungeon, and saw 2 of its levels.

You collected 98 gold pieces.

Inventory:

Hand Weapons
 b - a +0 dagger (weapon)
Armour
 a - a +0 robe (worn)
Scrolls
 c - a scroll of fear {unknown}
 e - a scroll of amnesia {unknown}
 g - 2 scrolls of remove curse {unknown}
 i - 2 scrolls of teleportation {unknown}
 j - a scroll of noise {unknown}
Potions
 d - a potion of heal wounds {unknown}
 f - 3 potions of curing {unknown}
 h - a potion of berserk rage {unknown}
 k - a potion of haste {unknown}
 l - a potion of might {unknown}


   Skills:
 - Level 2.4 Dodging
 - Level 2.4 Stealth
 + Level 3.7 Spellcasting
 + Level 2.1 Conjurations
 * Level 4.3 Fire Magic


You had 5 spell levels left.
You knew the following spells:

 Your Spells              Type           Power        Failure   Level
a - Foxfire               Conj/Fire      64%          3%          1
b - Conjure Flame         Conj/Fire      16%          11%         3

Your spell library contained the following spells:

 Spells                   Type           Power        Failure   Level
 Inner Flame              Hex/Fire       12%          16%         3
 Sticky Flame             Conj/Fire      16%          34%         4
 Fireball                 Conj/Fire      8%           67%         5


Dungeon Overview and Level Annotations

Branches:
Dungeon (2/15)

Altars:
Ashenzari


Message History

You kill the gnoll!
The foxfire hits the gnoll.
The gnoll is lightly wounded.
The gnoll hits you from afar with a +0 spear!
Casting: Foxfire (safe; 3% risk of failure)
Confirm with . or Enter, or press ? or * to list all spells.
You conjure some foxfire!
The foxfire hits the gnoll.
The gnoll is moderately wounded.
The foxfire hits the gnoll.
The gnoll is heavily wounded.
The gnoll hits you from afar with a +0 spear!
* * * LOW HITPOINT WARNING * * *
Your foxfire dissipates!
The foxfire hits the gnoll.
The gnoll is severely wounded.
Casting: Foxfire (safe; 3% risk of failure)
Confirm with . or Enter, or press ? or * to list all spells.
You conjure some foxfire!
The gnoll hits you from afar with a +0 spear.
You die...

....# ....### .#
....<.# .#
...##.....### ###.#
..## ###.....##...#
### #[##......# ##
####.####...)# .##
##..........?.#
..###.........g.@v#
......#.....w?...v#
####.(............#
.....#)†..........#
#######...........#
#.........#.#
#...........#
#........####
###[......#


You could see a gnoll and a dart slug.

Vanquished Creatures
  2 gnolls (D:2)
  An adder (D:2)
  A dart slug (D:1)
  3 goblins (D:1)
  6 hobgoblins
  A bat (D:1)
  A frilled lizard (D:1)
  4 kobolds
  6 rats
25 creatures vanquished.

Vanquished Creatures (others)
  113 foxfires
113 creatures vanquished.

Grand Total: 138 creatures vanquished

Notes
Turn   | Place    | Note
-------+----------+-------------------------------------------
     0 | D:1      | Arthanis the Deep Elf Fire Elementalist began the quest for
                  | the Orb.
     0 | D:1      | Reached XP level 1. HP: 10/10 MP: 6/6
   329 | D:1      | Found a broken altar of Ashenzari.
   349 | D:1      | Reached XP level 2. HP: 6/15 MP: 1/8
  1152 | D:2      | Reached skill level 4 in Fire Magic
  1152 | D:2      | Reached XP level 3. HP: 17/19 MP: 3/10
  1156 | D:2      | Learned a level 3 spell: Conjure Flame
  1360 | D:2      | Slain by a gnoll

Illustrated notes

Levels and vault maps discovered:
D:1:      dpeg_arrival_tiny_c, layout_loops_cross, minmay_misc_feat_columns,
          evilmike_ruin_ashenzari
D:2:      minmay_razor_zed, layout_rooms

Skill      XL: |  1  2  3 |
---------------+----------+-----
Fire Magic     | 4 |  4.3
Conjurations   | 2 |  2.1
Dodging        | |  2.4
Stealth        | |  2.4
Spellcasting   | |  3.7

Action                   || total
-------------------------++-------
 Cast: Foxfire           ||    73
Armor: Robe              ||     1
Dodge: Dodged            ||     5
